 Dungeon Crawl Stone Soup version 0.22.1-5-g62c59d9 (webtiles) character file.

33 Kairos the Shield-Bearer (level 3, -1/28 HPs)
             Began as a Vine Stalker Fighter on Jan 14, 2019.
             Slain by Crazy Yiuf
             ... wielding a +2 quarterstaff of chaos
              (2 damage)
             ... on level 2 of the Dungeon.
             The game lasted 00:02:04 (1414 turns).

Kairos the Shield-Bearer (Vine Stalker Fighter)     Turns: 1414, Time: 00:02:05

Health: -1/28      AC: 21    Str: 21    XL:     3   Next: 29%
Magic:  0/4        EV:  2    Int: 10    God:
Gold:   108        SH:  9    Dex: 13    Spells: 2/2 levels left

rFire    + . .     SeeInvis .   a - +0 war axe
rCold    . . .     Gourm    .   c - +0 shield
rNeg     + + +     Faith    .   (armour currently unavailable)
rPois    +         Spirit   +   (helmet currently unavailable)
rElec    .         Reflect  .   (cloak currently unavailable)
rCorr    .         Harm     .   (gloves currently unavailable)
MR       .....     NoTele   +   (boots currently unavailable)
Stlth    +.........             (no amulet)
HPRegen  0.09/turn              l - ring of fire
MPRegen  0.09/turn              o - ring of protection from cold

@: tree-form, hasted and slowed
A: clever 1, strong 1, magic shield, no potion heal 3, rot immunity
a: no special abilities


You were on level 2 of the Dungeon.
You were not hungry.
You were a tree.
You visited 1 branch of the dungeon, and saw 2 of its levels.

You collected 108 gold pieces.

Inventory:

Hand Weapons
 a - a +0 war axe (weapon)
Armour
 b - a +0 scale mail (melded)
 c - a +0 shield (worn)
 h - a +2 pair of gloves of strength (melded)
Jewellery
 l - a ring of fire (left branch)
 o - a ring of protection from cold (right branch)
Scrolls
 e - a scroll of teleportation {unknown}
 k - a scroll of remove curse {unknown}
 m - a scroll of enchant weapon {unknown}
Potions
 d - a potion of might
 j - a potion of agility {unknown}
 n - a potion of flight
 p - a potion of curing {unknown}
Comestibles
 f - 5 rations


   Skills:
 + Level 2.9 Fighting
 + Level 2.1 Axes
 + Level 2.7 Armour
 + Level 0.1 Dodging
 + Level 3.2 Shields


You had 2 spell levels left.
You didn't know any spells.
Your spell library was empty.

Dungeon Overview and Level Annotations

Branches:
Dungeon (2/15)

Altars:

Annotations:
D:2 Crazy Yiuf


Innate Abilities, Weirdness & Mutations

((You have extremely sharp teeth.))
When hurt, damage is shared between your health and your magic reserves.
((Your bite disrupts and absorbs the magic of your enemies.))
Potions cannot restore your health.
You are immune to rotting.
Your mind is acute. (Int +2)
((You are resistant to electric shocks. (rElec)))
Your muscles are strong. (Str +2)


Message History

You cannot move. (Use ctrl+direction to attack without moving.) Crazy Yiuf is nearby!
Crazy Yiuf is nearby!
Crazy Yiuf is nearby!
Crazy Yiuf is nearby!
Crazy Yiuf is nearby!
Crazy Yiuf is nearby!
Crazy Yiuf is nearby!
It was a potion of flight.
Your roots keep you in place.
Crazy Yiuf hits you but does no damage.
It was a potion of mutation.
You feel extremely strange.
You feel clever.
You feel insulated.
You feel stronger.
You feel less confused.
Okay, then.
Okay, then.
Okay, then.
You hit Crazy Yiuf.
Crazy Yiuf is severely wounded.
Crazy Yiuf hits you with a quarterstaff of chaos.
You die...

.#..#....#.####.#####.#.#.######.
.......)................>.......)
.#.##.##.#.####..####..##########
.......##### #### ###......#
###....# ######.# ...<...#######
#.#### ###<....#..#.### ####
#.#... ............#..##...#
#.#.## #..........####.♣g..#
#.#.# #.####..#.## ###..)#
######.#.## #.# ###### ####
#.......... #.# #......#.## #.#
########.## #.# ##### #.## #.#
#.#.# #.## #.# #.#.# #.## #.#
##########.#.# #.##


You could see Crazy Yiuf.

Vanquished Creatures
  An ooze (D:1)
  A worm (D:2)
  5 goblins (D:1)
  5 hobgoblins (D:1)
  5 kobolds
  3 bats
  A frilled lizard (D:1)
  3 rats (D:1)
24 creatures vanquished.

Notes
Turn   | Place    | Note
-------+----------+-------------------------------------------
     0 | D:1      | Kairos the Vine Stalker Fighter began the quest for the
                  | Orb.
     0 | D:1      | Reached XP level 1. HP: 11/11 MP: 2/2
    90 | D:1      | Reached skill level 3 in Shields
    90 | D:1      | Reached XP level 2. HP: 12/16 MP: 3/3
   537 | D:1      | Reached XP level 3. HP: 19/19 MP: 4/4
   909 | D:2      | Found a runed door.
  1404 | D:2      | Noticed Crazy Yiuf
  1413 | D:2      | Gained mutation: Your mind is acute. (Int +2) [potion of
                  | mutation]
  1413 | D:2      | Gained mutation: You are resistant to electric shocks.
                  | (rElec) [potion of mutation]
  1413 | D:2      | Gained mutation: Your muscles are strong. (Str +2) [potion
                  | of mutation]
  1414 | D:2      | Slain by Crazy Yiuf

Skill      XL: |  1  2 |
---------------+-------+-----
Shields        | 3 |  3.2
Axes           | 2 |  2.1
Fighting       | |  2.9
Armour         | |  2.7
Dodging        | |  0.1

Action                   || total
-------------------------++-------
Melee: War axe           ||    54
       Bite              ||    15
  Use: Potion            ||     3
  Eat: Ration            ||     1
Armor: Scale mail        ||    34
       Skin              ||     3
Dodge: Dodged            ||    15
Block: Shield            ||    34
